 Dungeon Crawl Stone Soup version 0.16.0-12-g7215832 (webtiles) character file.

186 BLOAX the Insei (level 5, -2/27 HPs)
             Began as a Vine Stalker Monk on Mar 18, 2015.
             Slain by an orc wizard
             ... wielding a +0 dagger
              (4 damage)
             ... on level 4 of the Dungeon.
             The game lasted 00:02:59 (826 turns).

BLOAX the Insei (Vine Stalker Monk)                  Turns: 826, Time: 00:02:59

Health: -2/27      AC:  5    Str: 14    XL:     5   Next: 66%
Magic:  0/13       EV: 12    Int: 10    God:
Gold:   41         SH:  0    Dex: 17    Spells: 0 memorised, 10 levels left

rFire  . . .     SeeInvis .       - Unarmed
rCold  + . .     Clarity  .     h - +1 leather armour {rC+}
rNeg   + . .     SustAb   .     (no shield)
rPois  .         Gourm    .     (no helmet)
rElec  .         Spirit   +     (no cloak)
rCorr  .         Warding  .     d - +0 pair of gloves
rMut   .         Stasis   .     (no boots)
MR     .....                    (no amulet)
Stlth  ++........               (no ring)
                                f - ring of positive energy

@: not resistant to hostile enchantments, unstealthy
A: fangs 2, regeneration 1, magic shield, antimagic bite, no device heal 3, rot
immunity
a: no special abilities


You were on level 4 of the Dungeon.
You were not hungry.

You visited 1 branch of the dungeon, and saw 4 of its levels.

You collected 41 gold pieces.


Innate Abilities, Weirdness & Mutations

You have extremely sharp teeth.
Your natural rate of healing is unusually fast.
When hurt, damage is shared between your health and your magic reserves.
Your bite disrupts and absorbs the magic of your enemies.
Potions and wands cannot restore your health.
You are immune to rotting.


   Skills:
 - Level 2.6 Fighting
 - Level 2.4 Dodging
 - Level 2.4 Stealth
 + Level 5.5 Unarmed Combat
 + Level 3.4 Spellcasting


You had 10 spell levels left.
You didn't know any spells.

Dungeon Overview and Level Annotations

Branches:
Dungeon (4/15)
 Temple: D:4-7

Altars:
Dithmenos
Vehumet

Annotations:
D:4 Menkaure

Inventory:

Armour
 d - a +0 pair of gloves (worn)
   (You found it on level 1 of the Dungeon)
 h - a +1 leather armour of cold resistance (worn)
   (You found it on level 2 of the Dungeon)
Jewellery
 f - a ring of positive energy (left hand)
   (You found it on level 2 of the Dungeon)
Scrolls
 e - a scroll of noise {unknown}
 i - a scroll of identify {unknown}
 j - a scroll of enchant weapon {unknown}
 k - a scroll of blinking {unknown}
Potions
 a - a potion of curing {unknown}
 c - a potion of might {unknown}
 g - a potion of agility {unknown}
Comestibles
 b - a bread ration

##.....ยค.....#
#...........#
............#
#o.........##
##....$..#.#
.....o.##.#######
###...#..)......#
#.###)#.##M##.#
#. #.#.##@# .
#%#..o.# #%#.....
#.#..#..#
#........
####.##.#. # .#.
.. # .


You could see Menkaure and an orc wizard.


Message History

The giant cockroach bites you but does no damage.
The giant cockroach bites you but does no damage.
You see here a giant cockroach corpse.
You closely miss the giant cockroach. You bite the giant cockroach.
You drain its power.
You feel invigorated.
You kill the giant cockroach!
No target in view!
No target in view!
Items here: %% )) [[[ You hit the orc but do no damage.
The orc hits you with a flail.
You barely miss the orc. The orc hits you with a flail.
You hit the orc.
The orc is almost dead.
You hit the orc!
You kill the orc!
No target in view!
An orc wizard comes into view. It is wielding a dagger.
An orc wizard comes into view. It is wielding a dagger.
The orc wizard mumbles some strange words.
The orc wizard blinks!
Menkaure, Prince of Dust comes into view.
Menkaure shouts!
You swing at nothing.
You hit Menkaure!
Menkaure is heavily damaged.
Menkaure casts a spell at you. Pain shoots through your body!
You hit Menkaure but do no damage. You bite Menkaure, but do no damage.
Menkaure is heavily damaged.
You barely miss Menkaure.
Menkaure is heavily damaged.
Menkaure gestures at you while chanting.
Pain shoots through your body!
You hit Menkaure!
Menkaure is almost destroyed.
Menkaure gestures at you while chanting.
Pain shoots through your body!
* * * LOW HITPOINT WARNING * * *
You barely miss Menkaure. You bite Menkaure.
Menkaure's magic leaks into the air.
You drain his magic.
You feel invigorated.
Menkaure is almost destroyed.
You hit Menkaure but do no damage.
Menkaure is almost destroyed.
Menkaure casts a spell at you.
You struggle to resist.
Unknown command.
You completely miss Menkaure. You bite Menkaure, but do no damage.
Menkaure is almost destroyed.
The orc wizard points at you and mumbles some strange words.
You resist with some effort. Menkaure misses you.
Unknown command.
You completely miss Menkaure.
Menkaure is almost destroyed.
Unknown command.
You hit Menkaure but do no damage.
Menkaure is almost destroyed.
Menkaure hits you!
* * * LOW HITPOINT WARNING * * *
The orc wizard hits you but does no damage.
Unknown command.
You hit Menkaure but do no damage.
Menkaure is almost destroyed.
Menkaure closely misses you.
The orc wizard hits you but does no damage.
Unknown command.
Unknown command.
You barely miss Menkaure.
Menkaure is almost destroyed.
The orc wizard hits you with a dagger.
You die...

Action                   |  1- 3 |  4- 6 || total
-------------------------+-------+-------++-------
Melee: Unarmed           |    49 |    89 ||   138
  Use: Scroll            |     1 |       ||     1
 Stab: Sleeping          |       |     1 ||     1

Vault maps used:
D:1:      minmay_arrival_checkered_box, grunt_decor_one_mirror
D:2:      vehumet_crystals, lemuel_doored_altar, nicolae_qazlal_eye_of_the_storm
D:3:      wad_river_or_something, grunt_temple_overflow_diamond,
          nicolae_underground_beach
D:4:      grunt_temple_overflow_gold_and_silver, minivault_27,
          minmay_strange_pillars, uniq_menkaure

Notes
Turn   | Place    | Note
--------------------------------------------------------------
     0 | D:1      | BLOAX, the Vine Stalker Monk, began the quest for the Orb.
     0 | D:1      | Reached XP level 1. HP: 11/11 MP: 1/1
    64 | D:1      | Reached XP level 2. HP: 16/16 MP: 3/3
   244 | D:2      | Reached skill level 1 in Spellcasting
   268 | D:2      | Reached XP level 3. HP: 19/19 MP: 5/5
   278 | D:2      | Reached skill level 2 in Spellcasting
   376 | D:2      | Reached XP level 4. HP: 23/23 MP: 8/8
   425 | D:2      | Found a shadowy altar of Dithmenos.
   518 | D:2      | Found a radiant altar of Vehumet.
   574 | D:3      | Reached skill level 5 in Unarmed Combat
   761 | D:4      | Reached skill level 3 in Spellcasting
   761 | D:4      | Reached XP level 5. HP: 27/27 MP: 11/13
   812 | D:4      | Noticed Menkaure
   824 | D:4      | HP: 1/27 [Menkaure (7)]
   826 | D:4      | Slain by an orc wizard

Vanquished Creatures
  A centaur skeleton (D:4)
  2 orc wizards (D:4)
  3 adders
  3 gnolls (D:2)
  A worm (D:3)
  2 giant geckos (D:1)
  2 orcs (D:4)
  A ball python (D:2)
  3 giant cockroaches
  6 hobgoblins
  6 kobolds
  A quokka (D:2)
  A bat (D:1)
  3 giant newts
  8 goblins
  3 rats
46 creatures vanquished.

Vault maps used:
D:1:      minmay_arrival_checkered_box, grunt_decor_one_mirror
D:2:      vehumet_crystals, lemuel_doored_altar, nicolae_qazlal_eye_of_the_storm
D:3:      wad_river_or_something, grunt_temple_overflow_diamond,
          nicolae_underground_beach
D:4:      grunt_temple_overflow_gold_and_silver, minivault_27,
          minmay_strange_pillars, uniq_menkaure
